cohdb
Replays
Latest Replays
All Replays
Popular Replays
Top Player Replays
Match Explorer
How It Works
Community
CoH3 Stats
Reddit
Sign in to upload your games and track your stats! →
Sign in with Steam
Match 42178660
Unlisted
Match 42178660
Overview
Messages
Build Orders
End
Construct Barracks
Riflemen Squad
1⁄4-ton 4x4 Truck
Riflemen Squad
Riflemen Squad
Engineer Squad
Grenade Package
Mechanized Support Center
Mortar Pit
Construct Tank Depot
Selects Advanced Infantry Battlegroup
Selects Convert to Ranger Squad
M4A1 Sherman Medium Tank
Construct Medical Station
Improvised Armor
Selects Artillery Observers
Selects M2A1 105mm Howitzer Emplacement
Ranger Squad
Convert to Ranger Squad
M4A1 Sherman Medium Tank
Designate Forward Repair Station
M4A1 76mm Conversion
M4A1(76) Sherman Medium Tank
Selects 155mm Rapid Artillery Barrage
Rapid Repairs
M1918 Browning Automatic Rifles
155mm Rapid Artillery Barrage
M4A1(76) Sherman Medium Tank
dan legend
ambiorix
Death Dealer
Izalith
Guille1944
Sauron
PabloArgentina
derekjgray632
0
0
Comments
sign in to comment!
No comments posted yet!